 Dungeon Crawl Stone Soup version 0.19-a0-811-gf4045fb (webtiles) character file.

86 Ordine the Sneak (level 4, 0/31 HPs)
             Began as an Octopode Monk on June 28, 2016.
             Slain by Grinder (6 damage)
             ... while paralysed by Grinder
             ... on level 3 of the Dungeon.
             The game lasted 00:05:14 (1368 turns).

Ordine the Sneak (Octopode Monk)                    Turns: 1368, Time: 00:05:14

Health: 0/31       AC:  1    Str: 10    XL:     4   Next: 50%
Magic:  4/4        EV:  2    Int: 13    God:
Gold:   121        SH:  0    Dex: 14    Spells: 0 memorised, 3 levels left

rFire  . . .     SeeInvis .       - Unarmed
rCold  . . .     Gourm    .     (no shield)
rNeg   . . .     Faith    .     (helmet restricted)
rPois  .         Spirit   .     (no amulet)
rElec  .         Dismiss  .     i - ring of stealth
rCorr  .         Reflect  .     (no ring)
SustAt .         Harm     .     (no ring)
MR     .....                    (no ring)
Stlth  +++++.....               (no ring)
                                (no ring)
                                (no ring)
                                (no ring)

@: paralysed, very slightly contaminated, hasted, not resistant to hostile
enchantments, quite stealthy
A: almost no armour, amphibious, 8 rings, constrict 8, camouflage 1, gelatinous
body 1
a: no special abilities


You were on level 3 of the Dungeon.
You were not hungry.

You visited 1 branch of the dungeon, and saw 3 of its levels.

You collected 121 gold pieces.

Inventory:

Jewellery
 i - a ring of stealth (left tentacle)
Scrolls
 c - 2 scrolls of remove curse
 g - a scroll of teleportation
Potions
 b - a potion of heal wounds
 d - 2 potions of lignification
Comestibles
 a - 2 bread rations
 f - a slice of pizza
 h - 9 chunks of flesh


   Skills:
 + Level 3.5 Fighting
 + Level 3.2 Dodging
 + Level 4.1 Stealth
 * Level 4.0 Unarmed Combat


You had 3 spell levels left.
You didn't know any spells.

Dungeon Overview and Level Annotations

Branches:
Dungeon (3/15)

Altars:

Annotations:
D:3 Grinder


Innate Abilities, Weirdness & Mutations

You cannot wear most types of armour.
You are amphibious.
You can wear up to eight rings at the same time.
You can use your tentacles to constrict eight enemies at once.
Your skin changes colour to match your surroundings (Stealth+).
Your rubbery body absorbs attacks. (AC +1)


Message History

Grinder is moderately wounded.
You constrict Grinder. Grinder misses you.
You bludgeon Grinder!
Grinder is heavily wounded.
You constrict Grinder. You tentacle-slap Grinder.
Grinder is severely wounded.
You constrict Grinder. Grinder gestures at you.
You resist with significant effort.
You tentacle-slap Grinder.
Grinder is almost dead.
You constrict Grinder. Grinder gestures at you.
You suddenly lose the ability to move!
You lose your grip on Grinder.
Grinder hits you.
You writhe in agony.
Grinder hits you!
* * * LOW HITPOINT WARNING * * *
You writhe in agony.
You die...

.. .. #. ##. ###. #..
.#!#..# ..... .!.# ...#
.#...# ####5.# .....# #
#...@## #...###.#
#..##..#######?..#...#
........†...............
.#######..#.%.##.#....#
##...........#
#........##.#.##
#........##.#.#
.............#.#
...........##..#


You could see Grinder.

Vanquished Creatures
  3 gnolls (D:2)
  An adder (D:2)
  An ooze (D:1)
  A dart slug (D:1)
  A giant gecko (D:2)
  An orc (D:3)
  A ball python (D:1)
  A giant cockroach (D:1)
  4 goblins
  5 hobgoblins
  5 jackals
  5 bats
  3 giant newts
  6 kobolds
  3 rats
41 creatures vanquished.

Notes
Turn   | Place    | Note
--------------------------------------------------------------
     0 | D:1      | Ordine the Octopode Monk began the quest for the Orb.
     0 | D:1      | Reached XP level 1. HP: 16/16 MP: 1/1
   171 | D:1      | Reached XP level 2. HP: 21/21 MP: 2/2
   501 | D:1      | Reached XP level 3. HP: 24/26 MP: 3/3
   685 | D:2      | Reached XP level 4. HP: 17/31 MP: 4/4
  1275 | D:2      | Found a faded altar of an unknown god.
  1356 | D:3      | Noticed Grinder
  1366 | D:3      | Paralysed by Grinder for 7 turns
  1368 | D:3      | Slain by Grinder

Vault maps used:
D:1:      roderic_chinese_lattice_arrival, st_stairs_3
D:2:      first_bread, ecumenical_altar_1, serial_bayou_pond_a, minivault_19
D:3:      minmay_liquid_box, uniq_grinder, uniq_iyjb

Skill      XL: |  1  2  3  4 |
---------------+-------------+-----
Stealth        | 3 4 |  4.1
Unarmed Combat | 4 |  4.0
Fighting       | |  3.5
Dodging        | |  3.2

Action                   |  1- 3 |  4- 6 || total
-------------------------+-------+-------++-------
Melee: Unarmed           |    50 |    34 ||    84
       Constrict         |    16 |     7 ||    23
       Tentacles         |     6 |     7 ||    13
       Punch             |     1 |       ||     1
  Use: Scroll            |     5 |     5 ||    10
       Potion            |       |     2 ||     2
 Stab: Sleeping          |    11 |     6 ||    17
       Distracted        |       |     2 ||     2
  Eat: Chunk             |       |     1 ||     1
Armor: Skin              |     4 |     1 ||     5
Dodge: Dodged            |    20 |    17 ||    37
